 Dungeon Crawl Stone Soup version 0.14.0-12-g87ee3b7 (webtiles) character file.

352 Bloax the Magician (level 6, -1/29 HPs)
             Began as a Vine Stalker Transmuter on Apr 15, 2014.
             Slain by a gnoll sergeant
             ... wielding a cursed +0,-3 trident
              (10 damage)
             ... on Level 5 of the Dungeon.
             The game lasted 00:11:09 (1582 turns).

Bloax the Magician (Vine Stalker Transmuter)        Turns: 1582, Time: 00:11:09

HP  -1/29        AC  2     Str 13      XL: 6   Next:  6%
MP   0/17        EV 19     Int 13      God:
Gold 115         SH  0     Dex 21      Spells:  4 memorised,  2 levels left

rFire  . . .     SeeInvis .     y - melded +0,+3 whip (venom)
rCold  . . .     Clarity  .     h - melded +2 leather armour {rC+}
rNeg   . . .     Conserve .     (shield currently unavailable)
rPois  .         rCorr    .     (helmet currently unavailable)
rElec  .         rRot     +     (cloak currently unavailable)
SustAb . .       Spirit   +     (gloves currently unavailable)
rMut   .         Warding  .     j - melded +1 pair of boots
Saprov . . .     Stasis   .     (no amulet)
MR     .....                    (no ring)
                                q - ring of poison resistance

@: spider-form, quick, not resistant to hostile enchantments, fairly stealthy
A: (fangs 0), regeneration 2, magic shield, (antimagic bite), no device heal
a: End Transformation


You were on level 5 of the Dungeon.
You were not hungry.
You were in spider-form.
You visited 1 branch of the dungeon, and saw 5 of its levels.
You also visited: Sewer.

You collected 115 gold pieces.


Innate Abilities, Weirdness & Mutations

You are immune to rotting.
((You have extremely sharp teeth.))*
You heal very quickly.
When hurt, damage is shared between your health and your magic reserves.
((Your bite disrupts and absorbs the magic of your enemies.))*
Potions and wands cannot restore your HP.


   Skills:
 - Level 0.8 Fighting
 - Level 1.5 Dodging
 + Level 3.2 Unarmed Combat
 + Level 4.3 Spellcasting
 + Level 4.0 Transmutations
 - Level 2.1 Poison Magic


You had 2 spell levels left.
You knew the following spells:

 Your Spells              Type           Power        Failure   Level  Hunger
a - Beastly Appendage     Trmt           ##....       14%         1    None
b - Sticks to Snakes      Trmt           ##........   21%         2    ##.....
c - Spider Form           Trmt/Pois      ##........   36%         3    ###....
d - Blade Hands           Trmt           ##........   98%         5    #####..


Dungeon Overview and Level Annotations

Branches:
Dungeon (5/15)
 Temple: D:4-7

Altars:
Elyvilon
Okawaru
Yredelemnul

Inventory:

Hand weapons
 t - a +0 blowgun
   (You took it off a kobold in a sewer)
 y - a +0,+3 whip of venom (melded)
   (You took it off a kobold on level 4 of the Dungeon)
Missiles
 b - 8 arrows
Armour
 c - a +1 ring mail of fire resistance
   (You took it off an orc on level 4 of the Dungeon)
 h - a +2 leather armour of cold resistance (melded)
   (You found it on level 1 of the Dungeon)
 j - a +1 pair of boots (melded)
   (You found it on level 2 of the Dungeon)
Magical devices
 C - a wand of cold (14)
   (You found it on level 4 of the Dungeon)
Comestibles
 a - a bread ration
 r - a snozzcumber {The Snozz of Death}
Scrolls
 e - 5 scrolls of remove curse
 u - a scroll of identify
 v - a scroll of teleportation
Jewellery
 q - a ring of poison resistance (left front leg)
   (You found it on level 3 of the Dungeon)
 A - an uncursed ring of fire
   (You found it on level 4 of the Dungeon)
Potions
 f - a potion of agility {unknown}
 k - 4 potions of curing {unknown}
 m - 2 potions of berserk rage {unknown}
 n - a potion of restore abilities {unknown}
 o - a potion of confusion {unknown}
 s - a potion of flight {unknown}
 w - a potion of brilliance {unknown}
 x - a potion of heal wounds {unknown}
 z - a potion of might {unknown}
 E - a potion of invisibility {unknown}
Books
 d - a book of Changes

   Spells                             Type                      Level
   *Beastly Appendage                 Transmutation                1
   *Sticks to Snakes                  Transmutation                2
   *Spider Form                       Transmutation/Poison         3
   Ice Form                           Ice/Transmutation            4
   *Blade Hands                       Transmutation                5

###############
#..g.o..r.oz..#
#.hgg######...# #lg.##
##.o# #...# ##.# #g.s#
#.# #..........##.######
......#..K.g. #rg.....
#.......#......##go.....
#.......# ######....g...
........ #...oo.z..
....... ............
...... ............ ...
...........


You could see 2 gnoll sergeants, 2 gnolls, a giant gecko, a jackal, a hobgoblin,
a goblin and a kobold.


Message History

The adder barely misses you.
You barely miss the adder.
The adder is severely wounded.
You kill the adder!
The jackal misses you.
Unknown command.
You hit the jackal.
The jackal is heavily wounded.
The jackal barely misses you.
The giant gecko bites you but does no damage.
You miss the hound.
The giant gecko bites you but does no damage.
The jackal bites you but does no damage.
The hound bites you.
The giant gecko bites you but does no damage.
Unknown command.
You hit the hound but do no damage.
The hound is poisoned.
The jackal barely misses you. The hound bites you. The giant gecko misses you.
The jackal bites you but does no damage.
The hound closely misses you.
Unknown command.
You hit the hound.
The hound is lightly wounded.
The hound bites you. The jackal closely misses you.
The giant gecko bites you but does no damage.
Unknown command.
You barely miss the hound. You bite the hound. You drain its power.
You feel invigorated.
The hound is heavily wounded.
The hound bites you. The jackal barely misses you.
The giant gecko barely misses you. The hound barely misses you.
The jackal bites you but does no damage.
A gnoll sergeant comes into view. It is wielding a trident.
You closely miss the hound.
The hound is heavily wounded.
The giant gecko bites you but does no damage.
The hound closely misses you.
The jackal bites you but does no damage.
The giant gecko bites you but does no damage.
The hound closely misses you. The jackal misses you.
Unknown command.
Casting: Spider Form You turn into a venomous arachnid creature.
Your +0,+3 whip of venom stops dripping with poison.
You catch a bit of a chill.
The giant gecko completely misses you. The gnoll sergeant closely misses you.
The hound bites you but does no damage.
A gnoll comes into view. It is wielding a halberd.
Unknown command.
The gnoll shouts!
The jackal completely misses you. The hound barely misses you.
The jackal closely misses you.
The gnoll sergeant hits you with a trident!
* * * LOW HITPOINT WARNING * * *
The gnoll sergeant hits you with a trident.
* * * LOW HITPOINT WARNING * * *
Unknown command.
The gnoll misses you.
A kobold comes into view. It is wielding a dagger.
A gnoll comes into view.
The gnoll shouts!
The kobold shouts!
You kill the hound!
Your Transmutations skill increases to level 4!
You have reached level 6!
Your experience leads to an increase in your attributes!
Increase (S)trength, (I)ntelligence, or (D)exterity?
You feel agile.
You begin to heal more quickly.
The gnoll sergeant hits you from afar with a trident!
You die...

Action                   |  1- 3 |  4- 6 || total
-------------------------+-------+-------++-------
Melee: Unarmed           |   106 |   142 ||   248
       Whip              |       |    47 ||    47
 Cast: Sticks to Snakes  |     4 |       ||     4
       Beastly Appendage |     2 |     2 ||     4
       Spider Form       |       |     9 ||     9
  Use: Scroll            |       |    11 ||    11

Vault maps used:
D:1:      grunt_arrival_lava_bath
D:2:      uniq_crazy_yiuf_cottage
D:3:      elyvilon_altar_2, portal_sewer_entry_e
D:4:      kennysheep_mini_moat, okawaru_gym_becter, minmay_goblin_kobold_house
D:5:      serial_gnoll_camp, gnoll_camp_mini_hut, gnoll_camp_mini_basic,
          gnoll_camp_mini_hut, gnoll_camp_mini_basic, gnoll_camp_mini_hut,
          gnoll_camp_medium_02, first_bread, minmay_ogre_servants, uniq_grinder,
          uniq_duvessa, uniq_edmund
Sewer:    sewer_co_scattered_pipes

Notes
Turn   | Place    | Note
--------------------------------------------------------------
     0 | D:1      | Bloax, the Vine Stalker Transmuter, began the quest for the Orb.
     0 | D:1      | Reached XP level 1. HP: 9/9 MP: 3/3
    49 | D:1      | wow
   136 | D:1      | Reached XP level 2. HP: 12/14 MP: 6/6
   280 | D:2      | Learned a level 2 spell: Sticks to Snakes
   310 | D:2      | oh man
   310 | D:2      | cursed +0 boots!
   310 | D:2      | sure got me there
   350 | D:3      | Found a white marble altar of Elyvilon.
   371 | D:3      | Reached skill level 3 in Spellcasting
   371 | D:3      | Reached XP level 3. HP: 12/17 MP: 5/9
   439 | D:3      | Reached skill level 3 in Transmutations
   469 | D:3      | Learned a level 3 spell: Spider Form
   569 | D:3      | Reached XP level 4. HP: 14/21 MP: 7/10
   736 | D:3      | HP: 4/21 [worm (9)]
   774 | D:3      | Reached skill level 1 in Poison Magic
   792 | D:3      | Found a glowing drain.
   797 | Sewer    | Entered a sewer
  1018 | Sewer    | Reached XP level 5. HP: 10/25 MP: 11/14
  1262 | D:4      | Reached skill level 4 in Spellcasting
  1294 | D:4      | Found a basalt altar of Yredelemnul.
  1333 | D:4      | Reached skill level 2 in Poison Magic
  1344 | D:4      | Learned a level 5 spell: Blade Hands
  1422 | D:4      | Found an iron altar of Okawaru.
  1522 | D:5      | Entered Level 5 of the Dungeon
  1582 | D:5      | Reached skill level 4 in Transmutations
  1582 | D:5      | Gained mutation: You heal very quickly. [vine stalker growth]
  1582 | D:5      | Reached XP level 6. HP: 9/29 MP: 1/17
  1582 | D:5      | Slain by a gnoll sergeant

Vanquished Creatures
  A hound (D:5)
  2 big fish
  A worker ant (D:4)
  An orc priest (D:4)
  3 adders
  A worm (D:3)
  An ooze (D:3)
  10 orcs
  A ball python (Sewer)
  3 bats
  A bat skeleton (D:5)
  2 giant cockroaches
  4 hobgoblins
  A quokka (D:3)
  A giant gecko (D:3)
  2 giant newts
  7 goblins
  13 kobolds
  6 rats
  A plant (Sewer)
62 creatures vanquished.

Vanquished Creatures (collateral kills)
  An adder (D:3)
  2 bats (D:3)
  A goblin (D:3)
4 creatures vanquished.

Grand Total: 66 creatures vanquished
